 Dungeon Crawl Stone Soup version 0.19-a0-821-gf489216 (webtiles) character file.

27 4thArraOfDagon the Vexing (level 2, 0/19 HPs)
             Began as a Mummy Enchanter on June 29, 2016.
             Slain by a gnoll (4 damage)
             ... on level 1 of the Dungeon.
             The game lasted 00:02:07 (1133 turns).

4thArraOfDagon the Vexing (Mummy Enchanter)         Turns: 1133, Time: 00:02:08

Health: 0/19       AC:  3    Str: 11    XL:     2   Next: 93%
Magic:  0/5        EV: 12    Int: 14    God:
Gold:   119        SH:  0    Dex: 12    Spells: 2 memorised, 2 levels left

rFire  x . .     SeeInvis .     a - +1 dagger
rCold  + . .     Gourm    .     b - +1 robe
rNeg   + + +     Faith    .     (no shield)
rPois  ∞         Spirit   .     (no helmet)
rElec  .         Dismiss  .     (no cloak)
rCorr  .         Reflect  .     (no gloves)
SustAt .         Harm     .     (no boots)
MR     .....                    (no amulet)
Stlth  ++........               (no ring)
                                (no ring)

@: not resistant to hostile enchantments, unstealthy
A: no food or potions, fire vulnerability, cold resistance 1, negative energy
resistance 3, torment resistance, unbreathing
a: no special abilities


You were on level 1 of the Dungeon.
You were not hungry.

You visited 1 branch of the dungeon, and saw 2 of its levels.

You collected 119 gold pieces.

Inventory:

Hand Weapons
 a - a +1 dagger (weapon)
Armour
 b - a +1 robe (worn)
Scrolls
 d - 4 scrolls of identify {unknown}
 e - a scroll of teleportation {unknown}
Books
 c - a book of Maledictions

   Spells                             Type                      Level
   a - Corona                         Hexes                        1
   b - Ensorcelled Hibernation        Hexes/Ice                    2
   c - Confuse                        Hexes                        3
   d - Tukima's Dance                 Hexes                        3
   e - Dazzling Spray                 Conjuration/Hexes            3


   Skills:
 * Level 1.6 Short Blades
 - Level 1.5 Dodging
 - Level 2.4 Stealth
 - Level 2.0 Spellcasting
 + Level 3.1 Hexes
 * Level 0.7 Ice Magic


You had 2 spell levels left.
You knew the following spells:

 Your Spells              Type           Power        Failure   Level  Hunger
a - Corona                Hex            ##.....      10%         1    N/A
b - Ensorcelled Hibernat  Hex/Ice        #.....       21%         2    N/A

Dungeon Overview and Level Annotations

Branches:
Dungeon (2/15)

Altars:

Annotations:
D:2 Sigmund


Innate Abilities, Weirdness & Mutations

You do not eat or drink.
Your flesh is vulnerable to fire.
You are immune to poison.
Your flesh is cold resistant. (rC+)
You are immune to negative energy. (rN+++)
You are immune to unholy pain and torment.
You can survive without breathing.


Message History

Aim: a gnoll (chance to defeat MR: 47%)
The gnoll looks drowsy...
The helpless gnoll fails to defend itself.
You puncture the gnoll!
The gnoll is severely wounded.
The gnoll hits you but does no damage.
You hit the gnoll but do no damage.
The gnoll is severely wounded.
The gnoll hits you.
Casting: Ensorcelled Hibernation
Confirm with . or Enter, or press ? or * to list all spells.
Aiming: Corona
Press: ? - help, Shift-Dir - straight line, f/p - gnoll
Aim: a gnoll (severely wounded, chance to defeat MR: 54%)
The gnoll is outlined in light.
The gnoll hits you!
* * * LOW HITPOINT WARNING * * *
You hit the gnoll.
The gnoll is severely wounded.
The gnoll hits you.
You die...

# ############## # #...........!#
# #.##..######.# #
#.##..#....#.######## # ###
#.##..#.##.#.#....... ####%#
#.##..#.##.#.#######.
...#.########.##..#.##.#.# #.
...#...#......#...#.##.#.#######.
.###............@.#.##.#.......#.
...#...#.........g#.##.#######.#.
...#..#######.......##.#.........
#.#...#.....................##.##
......#######)##.#...#...[.......
..#.###..............#####..##.##
##....#######..###...#####.....##
.#....#.....................#####
####......#####.......####### #


You could see a gnoll.

Vanquished Creatures
  An adder (D:2)
  A dart slug (D:1)
  3 giant cockroaches
  4 goblins
  2 hobgoblins
  2 bats (D:1)
  2 rats (D:1)
15 creatures vanquished.

Notes
Turn   | Place    | Note
--------------------------------------------------------------
     0 | D:1      | 4thArraOfDagon the Mummy Enchanter began the quest for the Orb.
     0 | D:1      | Reached XP level 1. HP: 13/13 MP: 3/3
   194 | D:2      | Noticed Sigmund
   323 | D:1      | Reached skill level 1 in Short Blades
   559 | D:1      | Reached XP level 2. HP: 12/19 MP: 1/5
   565 | D:1      | Learned a level 2 spell: Ensorcelled Hibernation
   602 | D:1      | Reached skill level 3 in Hexes
  1133 | D:1      | Slain by a gnoll

Vault maps used:
D:1:      elethiomel_arrival_maze, hangedman_decor_push
D:2:      uniq_natasha, uniq_sigmund

Skill      XL: |  1  2 |
---------------+-------+-----
Short Blades   | 1 |  1.6
Hexes          | 3 |  3.1
Dodging        | |  1.5
Stealth        | |  2.4
Spellcasting   | |  2.0
Ice Magic      | |  0.7

Action                   || total
-------------------------++-------
Melee: Dagger            ||    37
 Cast: Corona            ||     4
       Ensorcelled Hiber ||     6
 Stab: Sleeping          ||     6
Armor: Robe              ||     7
Dodge: Dodged            ||    14
